 Dungeon Crawl Stone Soup version 0.31-a0-466-g98c9adc2b6 (webtiles) character file.

Game seed: 5454820918544440027

447 HallandMoats the Trooper (level 6, 0/51 HPs)
             Began as a Demonspawn Fighter on Aug 5, 2023.
             Slain by an orc wizard
             ... wielding a +0 dagger
              (1 damage)
             ... on level 4 of the Dungeon.
             The game lasted 00:04:30 (3114 turns).

HallandMoats the Trooper (Demonspawn Fighter)       Turns: 3114, Time: 00:04:31

Health: 0/51       AC:  8    Str: 16    XL:     6   Next: 73%
Magic:  9/9        EV:  8    Int: 11    God:
Gold:   143        SH:  4    Dex: 13    Spells: 5/5 levels left

rFire   . . .        j - +5 whip
rCold   . . .        c - +0 buckler
rNeg    . . .        b - +0 scale mail
rPois   .            (no helmet)
rElec   .            (no cloak)
rCorr   .            (no gloves)
SInv    .            (no boots)
Will    .....        (no amulet) Stlth
                     (no ring)
HPRegen 0.28/turn    (no ring)
MPRegen 0.22/turn

%: no passive effects
@: no status effects
A: claws 1, icy blue scales 1, ignite blood 1, magic regeneration
a: no special abilities


You were on level 4 of the Dungeon.
You visited 1 branch of the dungeon, and saw 4 of its levels.

You collected 143 gold pieces.

Inventory:

Hand Weapons
 a - a +0 war axe
 j - a +5 whip (weapon)
Armour
 b - a +0 scale mail (worn)
 c - a +0 buckler (worn)
Jewellery
 g - a ring of fire
 o - a ring of positive energy
 q - a ring of protection from fire
 s - an amulet of guardian spirit
Wands
 n - a wand of roots (8)
Scrolls
 e - a scroll of immolation
Potions
 d - a potion of might
 f - 3 potions of berserk rage {unknown}
 h - a potion of cancellation {unknown}
 i - a potion of mutation {unknown}
 k - a potion of magic {unknown}
 l - a potion of enlightenment {unknown}
 m - 2 potions of lignification {unknown}
 p - 2 potions of heal wounds {unknown}
 r - a potion of attraction {unknown}


   Skills:
 + Level 5.1 Fighting
 - Level 2.3 Axes
 - Level 2.6 Armour
 - Level 2.6 Shields
 + Level 3.0 Unarmed Combat
 + Level 5.0 Invocations


You had 5 spell levels left.
You didn't know any spells.
Your spell library was empty.

Dungeon Overview and Level Annotations

Branches:
Dungeon (4/15)
 Temple: D:4-7

Altars:
Vehumet


Innate Abilities, Weirdness & Mutations

You have sharp fingernails.
You are partially covered in icy blue scales. (AC +2)
Your demonic aura sometimes causes spilled blood to erupt in flames.
You regenerate magic rapidly.


Message History

The orc wizard flickers and vanishes!
Deactivating autopickup; reactivate with Ctrl-A.
The orc priest looks encouraged for a moment.
You see here a scorpion corpse.
The orc priest barely misses you.
You barely miss the orc priest.
The orc priest mumbles some strange prayers to Beogh against you.
Beogh smites you!
You hit the orc priest but do no damage.
The orc priest hits you with a +0 falchion.
You whack the orc priest!
The orc priest is heavily wounded.
The orc priest hits you with a +0 falchion.
You hit the orc priest but do no damage.
The orc priest is heavily wounded.
The orc priest mumbles some strange prayers to Beogh against you.
Beogh smites you!
You hit the orc priest.
The orc priest is severely wounded.
The orc priest mumbles some strange prayers to Beogh against you.
Pain shoots through your body!
You hit the orc priest but do no damage.
The orc priest is severely wounded.
The orc priest casts a cantrip, but nothing happens.
You miss something.
You hear some strange, mumbled words.
A magic dart appears from out of thin air!
The magic dart hits you.
* * * LOW HITPOINT WARNING * * *
You whack something! Something hits you.
* * * LOW HITPOINT WARNING * * *
You closely miss something. The orc priest completely misses you.
Something hits you but does no damage.
You closely miss the orc priest.
The orc priest is severely wounded.
The orc priest invokes the aid of Beogh against you.
Beogh smites you!
* * * LOW HITPOINT WARNING * * *
Something hits you.
You die...

.....#.# # #.# #...##.#####
.............##.# #...........
#^...##.### #....#.##.##
+.........# #....#.##.#
#....##.#.####....#.##.#
#?...##...........#.##.# .
#....####.......#.#.##.# ..
#....####.....#.#.#.##.#
...#####+#.ooo@{..#.#.#.#.##.##
..h.........###.....#.#.#......
............# #......<....#####
.ooh........# #...........# .
..###....#### #.........### .
#....# #..#.##...## # #....#
#..#.......# #....#
#.........## #....# #........##


You could see an orc priest and 2 orcs.

Vanquished Creatures
  The ghost of Diovan321 the Covered, an amateur GrFi of Nemelex Xobeh (D:3)
  A black bear (D:3)
  A scorpion (D:4)
  4 adders
  2 dart slugs
  2 worms
  9 orcs
  6 ball pythons
  8 bats
  3 endoplasms
  4 giant cockroaches
  9 goblins
  4 hobgoblins
  8 kobolds
  4 quokkas
  3 frilled lizards
  7 rats
76 creatures vanquished.

Notes
Turn   | Place    | Note
-------+----------+-------------------------------------------
     0 | D:1      | HallandMoats the Demonspawn Fighter began the quest for the
                  | Orb.
     0 | D:1      | Reached XP level 1. HP: 18/18 MP: 1/1
   151 | D:1      | Reached skill level 1 in Invocations
   154 | D:1      | Gained mutation: You regenerate magic rapidly. [demonic
                  | ancestry]
   154 | D:1      | Reached XP level 2. HP: 21/24 MP: 2/2
   947 | D:2      | Gained mutation: You have sharp fingernails. [demonic
                  | ancestry]
   947 | D:2      | Reached XP level 3. HP: 23/26 MP: 4/4
  1571 | D:3      | Found a radiant altar of Vehumet.
  1674 | D:3      | Gained mutation: Your demonic aura sometimes causes spilled
                  | blood to erupt in flames. [demonic ancestry]
  1674 | D:3      | Reached XP level 4. HP: 35/36 MP: 5/5
  1701 | D:3      | Found a faded altar of an unknown god.
  1715 | D:3      | Reached skill level 1 in Unarmed Combat
  2097 | D:3      | Found a runed translucent door.
  2099 | D:3      | Noticed Diovan321's ghost (amateur GrFi)
  2099 | D:3      | Noticed a black bear
  2554 | D:3      | Killed Diovan321's ghost
  2555 | D:3      | Gained mutation: You are partially covered in icy blue
                  | scales. (AC +2) [demonic ancestry]
  2555 | D:3      | Reached XP level 5. HP: 15/43 MP: 6/8
  2555 | D:3      | Reached XP level 6. HP: 17/49 MP: 6/9
  2981 | D:4      | Reached skill level 5 in Fighting
  2981 | D:4      | Reached skill level 5 in Invocations
  3114 | D:4      | HP: 1/51 [orc priest/divine providence (12)]
  3114 | D:4      | Slain by an orc wizard

Illustrated notes

Levels and vault maps discovered:
D:1:      scummos_arrival_simple_crosswalls, layout_basic
D:2:      layout_rooms, minmay_tree_intersection, moated_statue,
          grunt_decor_resistance
D:3:      layout_loops_corners, mainiacjoe_overflow_alcove_2,
          ebering_ecumenical_altar_ruins, ebering_ghost_inner_flame
D:4:      layout_basic, slow_altar_1

Skill      XL: |  1  2  3  4  5  6 |
---------------+-------------------+-----
Axes           | 2 |  2.3
Invocations    | 1 2 4 5 |  5.0
Unarmed Combat | 2 3 |  3.0
Fighting       | 4 5 |  5.1
Armour         | |  2.6
Shields        | |  2.6

Action                     |  1- 3 |  4- 6 || total
---------------------------+-------+-------++-------
  Melee: War axe           |    37 |       ||    37
         Whip              |    82 |   113 ||   195
    Use: Scroll            |       |     4 ||     4
         Potion            |       |     1 ||     1
 Armour: Scale mail        |    72 |    33 ||   105
  Dodge: Dodged            |    57 |    34 ||    91
  Block: Buckler           |    23 |    16 ||    39

Table legend: (Time is in decaauts)
 A = Elapsed time spent in this place.
 B = Non-inter-level travel time spent in this place.
 C = Inter-level travel time spent in this place.
 D = Time resting spent in this place.
 E = Time spent auto-exploring this place.
 F = Levels seen in this place.
 G = Mean time per level.
                   A        B        C        D        E       F      G
               +--------+--------+--------+--------+--------+-----+--------+
         Total |   3145 |   3085 |     60 |    201 |   2228 |   4 |  786.2 |
       Dungeon |   3145 |   3085 |     60 |    201 |   2228 |   4 |  786.2 |
               +--------+--------+--------+--------+--------+-----+--------+

Top non-repeatable levels by time:
     D:3: 1255 daAuts
     D:1: 943 daAuts
     D:2: 523 daAuts
     D:4: 423 daAuts
